 Dungeon Crawl Stone Soup version 0.21-a0-578-gc6e9d75 (webtiles) character file.

822 galech the Ruffian (level 7, -4/67 HPs)
             Began as a Troll Monk on Dec 18, 2017.
             Slain by an orc warrior
             ... wielding a +0 trident
              (14 damage)
             ... on level 5 of the Dungeon.
             The game lasted 00:06:14 (3412 turns).

galech the Ruffian (Troll Monk)                     Turns: 3412, Time: 00:06:15

Health: -4/67      AC:  5    Str: 22    XL:     7   Next: 63%
Magic:  6/6        EV: 11    Int:  6    God:
Gold:   168        SH:  0    Dex: 12    Spells: 6/6 levels left

rFire    + . .     SeeInvis .     - Unarmed
rCold    + . .     Gourm    +   (no shield)
rNeg     + . .     Faith    .   a - +0 robe
rPois    .         Spirit   .   (helmet restricted)
rElec    .         Reflect  .   d - scarf {rC+ rF+}
rCorr    .         Harm     .   (gloves unavailable)
MR       +....                  (boots unavailable)
Stlth    ++........             (no amulet)
HPRegen  0.61/turn              q - ring of positive energy
MPRegen  0.10/turn              k - ring of protection from magic

@: no status effects
A: large, unfitting armour, claws 3, fast metabolism 3, gourmand, regeneration
1, shaggy fur 1, tough skin 2
a: no special abilities


You were on level 5 of the Dungeon.
You were completely stuffed.

You visited 1 branch of the dungeon, and saw 5 of its levels.

You collected 168 gold pieces.

Inventory:

Armour
 a - a +0 robe (worn)
 d - a scarf of resistance (worn)
Jewellery
 i - an uncursed ring of wizardry
 k - a ring of protection from magic (right claw)
 q - a ring of positive energy (left claw)
Wands
 h - a wand of polymorph (10)
Scrolls
 c - 2 scrolls of blinking {unknown}
 e - 4 scrolls of teleportation {unknown}
 f - 2 scrolls of enchant weapon {unknown}
 g - 3 scrolls of identify {unknown}
 m - a scroll of remove curse {unknown}
 p - a scroll of amnesia {unknown}
 t - a scroll of enchant armour {unknown}
Potions
 j - a potion of flight {unknown}
 l - a potion of ambrosia
 n - a potion of berserk rage {unknown}
 o - a potion of agility {unknown}
 r - 2 potions of cancellation
 u - a potion of curing {unknown}
Comestibles
 b - 8 rations
 s - 12 chunks of flesh


   Skills:
 + Level 3.3 Fighting
 + Level 3.8 Dodging
 + Level 1.9 Stealth
 + Level 7.3 Unarmed Combat


You had 6 spell levels left.
You didn't know any spells.

Dungeon Overview and Level Annotations

Branches:
Dungeon (5/15)
 Temple: D:4-7

Altars:
Makhleb
Yredelemnul


Innate Abilities, Weirdness & Mutations

You are too large for most types of armour.
You have claws for hands.
Your metabolism is lightning-fast.
You like to eat raw meat.
Your natural rate of healing is unusually fast.
You are covered in fur. (AC +1)
You have very tough skin. (AC +2)


Message History

The orc warrior hits you from afar with a trident!
The orc warrior hits you but does no damage.
Things that are here:
a mace; an orc corpse You scratch the orc warrior.
Your claw misses the orc warrior.
The orc warrior is lightly wounded.
You barely miss the orc warrior.
The orc warrior is lightly wounded.
The orc warrior hits you with a trident!
You claw the orc warrior!
The orc warrior is moderately wounded.
The orc warrior hits you with a trident!!
* * * LOW HITPOINT WARNING * * *
You claw the orc warrior!
The orc warrior is severely wounded.
The orc warrior closely misses you.
You claw the orc warrior!
The orc warrior is almost dead.
The orc warrior hits you with a trident!
You die...

### ### ....
..######
....##......#
............#
........o...#
........@)..#
............###
....##........#
.# #.##.###.#
#. #.###.# #.
#.#...# #.
#.....# #.
###...# #.
##..#


You could see an orc warrior.

Vanquished Creatures
  2 ogres
  A crimson imp (D:5)
  3 orc wizards
  A hound (D:2)
  3 orc priests
  A bullfrog skeleton (D:3)
  A centaur skeleton (D:4)
  An iguana (D:4)
  3 worker ants
  A hound skeleton (D:4)
  A worker ant zombie (D:5)
  Robin (D:3)
  9 adders
  3 oozes
  An adder skeleton (D:5)
  5 worms
  2 dart slugs (D:1)
  2 leopard geckos
  14 orcs
  3 giant cockroaches
  13 goblins
  12 hobgoblins
  7 jackals
  2 quokkas
  A ball python (D:2)
  5 bats
  5 frilled lizards
  2 gnoll zombies (D:4)
  6 kobolds
  8 rats
119 creatures vanquished.

Vanquished Creatures (others)
  A goblin (D:2)
  A frilled lizard (D:2)
  A kobold (D:2)
3 creatures vanquished.

Grand Total: 122 creatures vanquished

Notes
Turn   | Place    | Note
-------+----------+-------------------------------------------
     0 | D:1      | galech the Troll Monk began the quest for the Orb.
     0 | D:1      | Reached XP level 1. HP: 22/22 MP: 0/0
   221 | D:1      | Reached XP level 2. HP: 29/29 MP: 1/1
   674 | D:2      | Reached XP level 3. HP: 36/36 MP: 2/2
  1192 | D:2      | Reached skill level 4 in Unarmed Combat
  1192 | D:2      | Reached XP level 4. HP: 42/44 MP: 3/3
  1317 | D:2      | Found a burning altar of Makhleb.
  1529 | D:3      | Reached XP level 5. HP: 36/52 MP: 4/4
  1957 | D:3      | Noticed Robin
  1971 | D:3      | Killed Robin
  1971 | D:3      | Reached skill level 5 in Unarmed Combat
  2408 | D:4      | Noticed an ogre
  2419 | D:4      | Killed an ogre
  2419 | D:4      | Reached XP level 6. HP: 25/61 MP: 5/5
  2598 | D:4      | Reached skill level 6 in Unarmed Combat
  2766 | D:4      | Reached XP level 7. HP: 51/67 MP: 6/6
  3036 | D:4      | Found a basalt altar of Yredelemnul.
  3076 | D:5      | Entered Level 5 of the Dungeon
  3142 | D:5      | Reached skill level 7 in Unarmed Combat
  3412 | D:5      | Slain by an orc warrior

Vault maps used:
D:1:      ncdulo_wetmaze, minivault_23
D:2:      makhleb_heckhound_becter, dk_noncrumbling_4, lemuel_old_faithful
D:3:      minmay_ruptured, uniq_robin
D:4:      lemuel_zombie_altar_yredelemnul, first_ration

Skill      XL: |  1  2  3  4  5  6  7 |
---------------+----------------------+-----
Dodging        | 3 |  3.8
Unarmed Combat | 4 5 6 7 |  7.3
Fighting       | 3 |  3.3
Stealth        | |  1.9

Action                   |  1- 3 |  4- 6 |  7- 9 || total
-------------------------+-------+-------+-------++-------
Melee: Unarmed           |    84 |   195 |    81 ||   360
       Punch             |     1 |     2 |     1 ||     4
  Use: Potion            |       |     5 |       ||     5
 Stab: Sleeping          |     4 |     2 |       ||     6
  Eat: Chunk             |    16 |    15 |     6 ||    37
Armor: Robe              |    19 |    65 |    19 ||   103
Dodge: Dodged            |    31 |   106 |    33 ||   170

Table legend:
 A = Spawn XP
 B = Non-spawn XP
 C = Spawn XP percentage of total XP
 D = Spawn monster count
 E = Non-spawn monster count
 F = Spawn count percentage of total count
 G = Total turns spent on level
                    A         B        C        D         E        F      G
               +---------+---------+-------+---------+---------+-------+---------
         Total |       0 |    1175 |   0.0 |       0 |     119 |   0.0 |  3412
               +---------+---------+-------+---------+---------+-------+---------
           D:1 |       0 |      38 |   0.0 |       0 |      15 |   0.0 |   644
           D:2 |       0 |     107 |   0.0 |       0 |      23 |   0.0 |   789
           D:3 |       0 |     162 |   0.0 |       0 |      40 |   0.0 |   961
           D:4 |       0 |     491 |   0.0 |       0 |      24 |   0.0 |   682
           D:5 |       0 |     377 |   0.0 |       0 |      17 |   0.0 |   336
               +---------+---------+-------+---------+---------+-------+---------
